 Dungeon Crawl Stone Soup version 0.31-a0-216-g22e908daa7 (webtiles) character file.

Game seed: 13010897855650233366

65 qw the Shooter (level 4, -6/26 HPs)
             Began as a Gargoyle Hexslinger on July 1, 2023.
             Mangled by a gnoll
             ... wielding a +1 flail of protection
              (9 damage)
             ... on level 2 of the Dungeon.
             The game lasted 00:00:33 (1536 turns).

qw the Shooter (Gargoyle Hexslinger)                Turns: 1536, Time: 00:00:33

Health: -6/26      AC:  8    Str: 11    XL:     4   Next: 14%
Magic:  5/5        EV: 10    Int: 14    God:
Gold:   114        SH:  0    Dex: 14    Spells: 4/5 levels left

rFire   . . .        Y - +1 sling
rCold   . . .        (no shield)
rNeg    + . .        g - +0 ring mail
rPois   inf          (no helmet)
rElec   +            (no cloak)
rCorr   .            (no gloves)
SInv    .            (no boots)
Will    .....        (no amulet)
Stlth   +            (no ring)
HPRegen 0.24/turn    (no ring)
MPRegen 0.09/turn

%: no passive effects
@: no status effects
A: sickness immunity, AC +3, negative energy resistance 1, electricity
resistance, torment resistance 1, petrification resistance
a: no special abilities


You were on level 2 of the Dungeon.
You visited 1 branch of the dungeon, and saw 2 of its levels.

You collected 114 gold pieces.


Innate Abilities, Weirdness & Mutations

You are immune to sickness and miasma.
Your stone body is resilient. (AC +3)
You are immune to poison.
You resist negative energy. (rN+)
You are resistant to electric shocks. (rElec)
You are resistant to unholy torment.
You are immune to petrification.


   Skills:
 - Level 2.0 Fighting
 - Level 4.0 Ranged Weapons
 + Level 0.0 Armour
 - Level 1.5 Dodging
 - Level 1.0 Spellcasting
 - Level 2.6 Hexes


You had 4 spell levels left.
You knew the following spells:

 Your Spells              Type           Power      Damage    Failure   Level
a - Slow                  Hex            32%        N/A       22%         1

Your spell library contained the following spells:

 Spells                   Type           Power      Damage    Failure   Level
 Inner Flame              Hex/Fire       4%         N/A       73%         3
 Portal Projectile        Hex/Tloc       8%         N/A       73%         3
 Cause Fear               Hex            4%         N/A       91%         4

Inventory:

Hand Weapons
 Y - a +1 sling (weapon)
Armour
 g - a +0 ring mail (worn)
Scrolls
 a - a scroll of noise {unknown}
 c - a scroll of vulnerability {unknown}
 e - a scroll of teleportation {unknown}
Potions
 b - a potion of cancellation {unknown}
 d - a potion of heal wounds
 h - a potion of curing {unknown}
 i - a potion of haste {unknown}

Dungeon Overview and Level Annotations

Branches:
Dungeon (2/15)

Altars:


Message History

The sling bullet barely misses the gnoll.
The gnoll hits you from afar with a +0 spear.
You shoot a sling bullet. The sling bullet hits the gnoll.
The gnoll is moderately wounded.
The gnoll hits you from afar with a +0 spear.
The gnoll completely misses you.
You shoot a sling bullet.
The sling bullet hits the gnoll but does no damage.
The gnoll is moderately wounded.
The gnoll barely misses you.
The gnoll hits you with a +1 flail of protection.
You shoot a sling bullet.
The sling bullet barely misses the gnoll.
The gnoll hits you from afar with a +0 spear.
The gnoll hits you with a +1 flail of protection.
The gnoll misses you. The gnoll closely misses you.
The gnoll hits you from afar with a +0 halberd.
You shoot a sling bullet. The sling bullet hits the gnoll.
The gnoll is heavily wounded.
The gnoll hits you but does no damage. The gnoll barely misses you.
The gnoll hits you with a +1 flail of protection!
1534 ||| DRINKING 2 potions of heal wounds.
You feel much better.
The gnoll hits you from afar with a +0 spear.
The gnoll hits you from afar with a +0 halberd.
The gnoll hits you with a +1 flail of protection.
You shoot a sling bullet.
The sling bullet hits the gnoll but does no damage.
The gnoll is heavily wounded.
The gnoll closely misses you. x2; The gnoll misses you.
The gnoll hits you with a +1 flail of protection!
The gnoll hits you from afar with a +0 spear.
The gnoll hits you but does no damage.
You shoot a sling bullet.
The sling bullet hits the gnoll but does no damage.
The gnoll is heavily wounded.
The gnoll closely misses you.
The gnoll hits you from afar with a +0 halberd.
The gnoll hits you with a +1 flail of protection!
You die...

###.88 .........#
#.#.8#######......#
#.#..#.............
#.#8.#....##.#..#.#
#.#..#....##.#..#.#
#.........##.#..#.#
#.........##.#..#.#
#.........##.#..#.#
#.@.......##.#..#.#
#.g.......##.#..#.#
#..gg.....##....)..
#....).............
#..................
#####..... .##>...
..... #.##.
..?.....##....
.........


You could see 3 gnolls.

Vanquished Creatures
  An adder (D:2)
  A gnoll (D:2)
  2 dart slugs (D:1)
  2 ball pythons
  7 endoplasms
  2 giant cockroaches (D:1)
  3 goblins
  4 hobgoblins
  A quokka (D:1)
  5 bats
  3 frilled lizards
  7 kobolds
  3 rats
41 creatures vanquished.

Notes
Turn   | Place    | Note
-------+----------+-------------------------------------------
     0 | D:1      | qw the Gargoyle Hexslinger began the quest for the Orb.
     0 | D:1      | Reached XP level 1. HP: 12/12 MP: 2/2
     0 | D:1      | 0 ||| qw: Version: 0.3-a-35-g05ef00e
     0 | D:1      | 0 ||| qw: Game counter: 7764
     0 | D:1      | 0 ||| qw: Melee chars always use a shield: true
     0 | D:1      | 0 ||| qw: God list: Okawaru
     0 | D:1      | 0 ||| qw: Allow faded altars: false
     0 | D:1      | 0 ||| qw: Do Orc after clearing Dungeon:15 true
     0 | D:1      | 0 ||| qw: Do second Lair branch before Depths: true
     0 | D:1      | 0 ||| qw: Lair rune preference: random
     0 | D:1      | 0 ||| qw: Goals: Normal
     0 | D:1      | 0 ||| PLANNING D:1-11
    96 | D:1      | Reached XP level 2. HP: 16/16 MP: 3/3
   244 | D:1      | Reached skill level 3 in Ranged Weapons
   388 | D:1      | Reached XP level 3. HP: 21/21 MP: 4/4
   756 | D:1      | 756 ||| UPGRADING to +0 leather armour.
   766 | D:1      | 766 ||| DROPPING +0 robe.
   767 | D:1      | 767 ||| UPGRADING to +0 ring mail.
   777 | D:1      | 777 ||| DROPPING +0 leather armour.
   778 | D:1      | 778 ||| READING scroll labelled ZYMIOTTOLOL.
   779 | D:1      | 779 ||| DRINKING 2 silvery potions.
   780 | D:1      | 780 ||| DROPPING scroll of poison.
  1085 | D:2      | Found a faded altar of an unknown god.
  1528 | D:2      | Reached skill level 4 in Ranged Weapons
  1528 | D:2      | Reached XP level 4. HP: 26/26 MP: 5/5
  1533 | D:2      | HP: 1/26 [gnoll/+1 flail of protection (9)]
  1534 | D:2      | 1534 ||| DRINKING 2 potions of heal wounds.
  1536 | D:2      | Mangled by a gnoll

Levels and vault maps discovered:
D:1:      amcnicky_arrival_feature_with_door, layout_basic,
          palyth_stone_intersect, serial_park_tiny_1, minmay_misc_feat_tower
D:2:      layout_basic, ebering_ecumenical_altar_webs, chequers_decorated_corner

Skill      XL: |  1  2  3 |
---------------+----------+-----
Ranged Weapons | 3 4 |  4.0
Fighting       | 2 |  2.0
Dodging        | |  1.5
Spellcasting   | |  1.0
Hexes          | |  2.6

Action                     |  1- 3 |  4- 6 || total
---------------------------+-------+-------++-------
   Fire: Sling             |   124 |     8 ||   132
    Use: Potion            |     1 |     1 ||     2
         Scroll            |     1 |       ||     1
 Armour: Robe              |     6 |       ||     6
         Ring mail         |     6 |     2 ||     8
  Dodge: Dodged            |    30 |     9 ||    39

Table legend:
 A = Non-vault XP
 B = Vault XP
 C = Vault XP percentage of total XP
 D = Non-vault monster count
 E = Vault monster count
 F = Vault count percentage of total count
                 A         B        C        D         E       F
            +---------+---------+-------+---------+---------+-------
      Total |      94 |       0 |   0.0 |      41 |       0 |   0.0
            +---------+---------+-------+---------+---------+-------
        D:1 |      43 |       0 |   0.0 |      23 |       0 |   0.0
        D:2 |      51 |       0 |   0.0 |      18 |       0 |   0.0
            +---------+---------+-------+---------+---------+-------
